 Dungeon Sprint DCSS version 0.17-a0-2069-g0f4ee5b (webtiles) character file.

167 Kidiri the Shield-Bearer (level 5, -7/38 HPs)
             Began as a Gargoyle Fighter on Oct 13, 2015.
             Was an Initiate of Okawaru.
             Mangled by a yak (8 damage)
             ... in the Dungeon (Sprint IX: "|||||||||||||||||||||||||||||").
             The game lasted 00:02:26 (429 turns).

Kidiri the Shield-Bearer (Gargoyle Fighter)          Turns: 429, Time: 00:02:27

Health: -7/38      AC: 15    Str: 21    XL:     5   Next: 48%
Magic:  5/5        EV: 11    Int:  8    God:    Okawaru [......]
Gold:   0          SH: 10    Dex: 12    Spells: 0 memorised, 4 levels left

rFire  . . .     SeeInvis .     a - +0 flail
rCold  . . .     Clarity  .     r - +1 scale mail
rNeg   + . .     SustAt   .     c - +0 shield
rPois  ∞         Gourm    .     q - +0 helmet
rElec  +         Spirit   .     (no cloak)
rCorr  .         Warding  .     (no gloves)
rMut   .         NoTele   +     p - +0 pair of boots
MR     .....                    (no amulet)
Stlth  +.........               l - +3 ring of dexterity
                                b - +2 ring of evasion

@: not resistant to hostile enchantments, very unstealthy
A: blink, negative energy resistance 1, robust 1, electricity resistance, slow
regeneration 1, unbreathing, petrification resistance, rot immunity, AC +4
a: Blink, Renounce Religion


You were in the Dungeon.
You worshipped Okawaru.
Okawaru was noncommittal.
You were not hungry.

You visited 1 branch

Inventory:

Hand Weapons
 a - a +0 flail (weapon)
Armour
 c - a +0 shield (worn)
 p - a +0 pair of boots (worn)
 q - a +0 helmet (worn)
 r - a +1 scale mail (worn)
Jewellery
 b - a +2 ring of evasion (left hand)
 l - a +3 ring of dexterity (right hand)
Wands
 o - a wand of draining (7)
Scrolls
 k - 2 scrolls of blinking
 m - 3 scrolls of remove curse
 n - 2 scrolls of amnesia
Potions
 d - a potion of invisibility
 f - 2 potions of heal wounds
 g - 4 potions of curing
 h - a potion of haste
 i - 4 potions of magic
 j - a potion of berserk rage
Comestibles
 e - a bread ration


   Skills:
 + Level 5.0 Fighting
 * Level 5.1 Maces & Flails
 * Level 6.1 Armour
 * Level 3.5 Dodging
 + Level 3.8 Stealth
 * Level 6.2 Shields
 + Level 0.0 Invocations


You had 4 spell levels left.
You didn't know any spells.

Dungeon Overview and Level Annotations

Branches:
Dungeon (1/1)

Altars:
Cheibriados
Dithmenos
Elyvilon
Fedhas
Gozag
Kikubaaqudgha
Makhleb
Nemelex Xobeh
Okawaru
Qazlal
Ru
Sif Muna
Trog
Vehumet
Xom
Yredelemnul
Zin
The Shining One
Beogh
Jiyva
Lugonu


Innate Abilities, Weirdness & Mutations

You are resistant to torment.
Your stone body is resilient (AC +4).
You are immune to poison.
You resist negative energy.
You are resistant to electric shocks.
You can survive without breathing.
You are immune to petrification.
You are immune to rotting.
You can translocate small distances at will.
You are robust (+10% HP).
You regenerate slowly when monsters are visible.


Message History

The yak is heavily wounded.
The yak gores you. The yak gores you!
You barely miss the yak.
The yak is heavily wounded.
The yak gores you.
You hit the yak but do no damage.
The yak is heavily wounded.
The yak barely misses you.
You sock the yak!
The yak is severely wounded.
The yak gores you but does no damage.
You hit the yak.
The yak is severely wounded.
The yak gores you.
* * * LOW HITPOINT WARNING * * *
The orc priest mumbles some strange prayers to Beogh against you.
Something smites you!
* * * LOW HITPOINT WARNING * * *
The yak gores you!
You die...

▓.▓
▓o▓
▓Z▓
▓c▓
▓Z▓
▓Z▓
▓Y▓
▓@▓
▓.▓
▓[▓
▓.▓
▓.▓
▓)▓
▓|▓
▓.▓
▓.▓


You could see a yak, a centaur, an orc priest, a giant gecko zombie, an adder
zombie and an adder skeleton.

Vanquished Creatures
  A sky beast (D)
  A crimson imp (D)
  A hound (D)
  An orc (D)
  A giant cockroach (D)
  A giant newt (D)
  4 goblins (D)
10 creatures vanquished.

Notes
Turn   | Place    | Note
--------------------------------------------------------------
     0 | D        | Kidiri the Gargoyle Fighter began the quest for the Orb.
     0 | D        | Reached XP level 1. HP: 14/14 MP: 1/1
     7 | D        | Reached skill level 1 in Stealth
    62 | D        | Noticed a sky beast
    62 | D        | Noticed a crimson imp
    62 | D        | Noticed a hound
    73 | D        | Reached XP level 2. HP: 19/19 MP: 2/2
    94 | D        | Killed a hound
    94 | D        | Reached skill level 4 in Fighting
    94 | D        | Reached skill level 1 in Dodging
    94 | D        | Reached XP level 3. HP: 14/24 MP: 3/3
   130 | D        | Killed a sky beast
   130 | D        | Reached skill level 5 in Armour
   130 | D        | Reached skill level 5 in Shields
   130 | D        | Reached XP level 4. HP: 20/30 MP: 4/4
   130 | D        | Reached XP level 5. HP: 22/34 MP: 5/5
   166 | D        | Killed a crimson imp
   166 | D        | Reached skill level 5 in Fighting
   166 | D        | Reached skill level 5 in Maces & Flails
   166 | D        | Reached skill level 6 in Armour
   180 | D        | Gained mutation: You can translocate small distances at will. [mutagenic meat]
   181 | D        | Gained mutation: You are robust (+10% HP). [mutagenic meat]
   182 | D        | Gained mutation: You regenerate slowly when monsters are visible. [mutagenic meat]
   210 | D        | Found a glowing silver altar of Zin.
   210 | D        | Found a glowing golden altar of the Shining One.
   210 | D        | Found an ancient bone altar of Kikubaaqudgha.
   210 | D        | Found a basalt altar of Yredelemnul.
   210 | D        | Found a shimmering altar of Xom.
   210 | D        | Found a radiant altar of Vehumet.
   211 | D        | Found an iron altar of Okawaru.
   212 | D        | Found a burning altar of Makhleb.
   213 | D        | Found a deep blue altar of Sif Muna.
   214 | D        | Found a bloodstained altar of Trog.
   215 | D        | Found a sparkling altar of Nemelex Xobeh.
   216 | D        | Found a white marble altar of Elyvilon.
   217 | D        | Found a roughly hewn altar of Beogh.
   218 | D        | Found a viscous altar of Jiyva.
   219 | D        | Became a worshipper of Warmaster Okawaru
   220 | D        | Found a corrupted altar of Lugonu.
   221 | D        | Found a blossoming altar of Fedhas.
   222 | D        | Found a snail-covered altar of Cheibriados.
   223 | D        | Found a shadowy altar of Dithmenos.
   224 | D        | Found a stormy altar of Qazlal.
   225 | D        | Found an opulent altar of Gozag.
   226 | D        | Found a sacrificial altar of Ru.
   420 | D        | Noticed an orc priest
   420 | D        | Noticed a centaur
   420 | D        | Noticed a yak
   429 | D        | HP: 1/38 [orc priest/divine providence (10)]
   429 | D        | Mangled by a yak

Vault maps used:
D:        linesprint

Action                   |  1- 3 |  4- 6 || total
-------------------------+-------+-------++-------
Melee: Flail             |    84 |    20 ||   104
  Use: Potion            |     3 |       ||     3
  Eat: Chunk             |       |     3 ||     3
